 Dungeon Crawl Stone Soup version 0.26.0-10-g1f06aea511 (webtiles) character file.

Game seed: 470879234434954946

59549 septik the Fighter (level 14, -5/132 HPs)
             Began as a Minotaur Berserker on Jan 25, 2021.
             Was a High Priest of Trog.
             Engulfed by an ice statue's freezing vapour (19 damage)
             ... in an ice cave.
             The game lasted 01:20:02 (21166 turns).

septik the Fighter (Minotaur Berserker)            Turns: 21166, Time: 01:20:03

Health: -5/132     AC: 30    Str: 27    XL:     14   Next: 53%
Magic:  13/13      EV: 17    Int:  6    God:    Trog [*****.]
Gold:   992        SH:  5    Dex: 17    Spells: 13/13 levels left

rFire    + . .     SeeInvis .   b - +4 executioner's axe of Guile {vamp, +Rage Dex+3}
rCold    . . .     Faith    .   (shield currently unavailable)
rNeg     . . .     Spirit   .   L - +2 shadow dragon scales
rPois    +         Reflect  +   t - +2 hat of Insurance {-Cast Int+2 Dex+4}
rElec    .         Harm     .   J - +2 cloak
rCorr    .         Rampage  +   m - +1 pair of gloves
Will     +....     NoCast   +   F - +2 pair of boots {rampage}
Stlth    +++++.....             R - amulet of reflection
HPRegen  0.32/turn              O - ring of protection from fire
MPRegen  0.13/turn              u - ring of poison resistance

@: berserk cooldown
A: retaliatory headbutt, horns 2
a: Renounce Religion, Evoke Berserk Rage, Berserk, Trog's Hand, Brothers in Arms


You were in an ice cave.
You worshipped Trog.
Trog was extremely pleased with you.
You visited 2 branches of the dungeon, and saw 18 of its levels.
You also visited: Gauntlet and Ice Cave.

You collected 1164 gold pieces.
You spent 172 gold pieces at shops.

Inventory:

Hand Weapons
 a - the +4 executioner's axe "Lenobof" {vorpal, rN+ Dex+5}
   (Trog gifted it to you on level 8 of the Dungeon)

   It inflicts extra damage upon your enemies.
   It affects your dexterity (+5).
   It protects you from negative energy.
 b - the +4 executioner's axe of Guile (weapon) {vamp, +Rage Dex+3}
   (You acquired it on level 2 of the Lair of Beasts)

   It inflicts no extra harm, but heals its wielder when it wounds a living foe.
   It affects your dexterity (+3).
   It lets you go berserk.
 f - a +6 demon whip
Missiles
 Y - 16 silver javelins
Armour
 m - a +1 pair of gloves (worn)
 t - the +2 hat of Insurance (worn) {-Cast Int+2 Dex+4}
   (You found it on level 1 of the Lair of Beasts)

   It affects your intelligence (+2).
   It affects your dexterity (+4).
   It prevents spellcasting.
 F - a +2 pair of boots of rampaging (worn)
 J - a +2 cloak (worn)
 L - +2 shadow dragon scales (worn)
 W - the +1 cloak of Starlight {*Dazzle EV+4 Stlth--}
   (You found it in a Gauntlet)

   It affects your evasion (+4).
   It makes you much less stealthy.
Jewellery
 c - the ring "Xeraub Dobe" {+Fly Int+5}
   (You found it in a Gauntlet)

   [ring of flight]

   It affects your intelligence (+5).
   It lets you fly.
 d - an uncursed amulet of faith
 j - a +4 ring of evasion
 u - a ring of poison resistance (right hand)
 O - a ring of protection from fire (left hand)
 R - an amulet of reflection (around neck)
Wands
 k - a wand of polymorph (7)
 p - a wand of enslavement (18)
 G - a wand of digging (6)
 H - a wand of iceblast (12)
 K - a wand of flame (46)
 Q - a wand of acid (10)
 U - a wand of disintegration (12)
 Z - a wand of paralysis (10)
Scrolls
 h - 3 scrolls of fog
 q - 8 scrolls of teleportation
 r - 2 scrolls of magic mapping
 s - 3 scrolls of blinking
 B - 3 scrolls of fear
 C - 8 scrolls of remove curse
 P - 2 scrolls of enchant armour
 X - a scroll of immolation
Potions
 e - 3 potions of heal wounds
 g - 4 potions of flight
 i - a potion of degeneration {unknown}
 l - 3 potions of curing
 n - 5 potions of berserk rage
 o - 4 potions of attraction
 w - 4 potions of cancellation
 x - 5 potions of might
 z - 3 potions of ambrosia
 A - 5 potions of lignification
 E - 3 potions of magic {unknown}
 M - a potion of resistance {unknown}
 N - a potion of invisibility
 S - 2 potions of haste {unknown}
 V - a potion of mutation {unknown}
Miscellaneous
 v - a tin of tremorstones (2/2)
 y - a phial of floods
 T - a box of beasts


   Skills:
 + Level 14.2 Fighting
 + Level 13.1(14.0) Axes
 - Level 8.8(12.0) Maces & Flails
 + Level 14.1 Armour
 + Level 13.0 Dodging
 + Level 8.1 Stealth


You had 13 spell levels left.
You didn't know any spells.
Your spell library contained the following spells:

 Spells                   Type           Power        Failure   Level
 Magic Dart               Conj           0%           88%         1
 Blink                    Tloc           N/A          96%         2
 Call Imp                 Summ           0%           96%         2
 Slow                     Hex            0%           96%         2
 Conjure Flame            Conj/Fire      0%           99%         3
 Mephitic Cloud           Conj/Pois/Air  0%           99%         3
 Portal Projectile        Hex/Tloc       0%           99%         3
 Cause Fear               Hex            0%           100%        4
 Hailstorm                Conj/Ice       0%           100%        4
 Silence                  Hex/Air        0%           100%        5
 Yara's Violent Unravell  Hex/Tmut       0%           100%        5
 Freezing Cloud           Conj/Ice/Air   0%           100%        6
 Discord                  Hex            0%           100%        8


Dungeon Overview and Level Annotations

Branches:
Dungeon (15/15)            Temple (0/1) D:5            Lair (3/6) D:9
  Swamp (0/4) Lair:2        Snake (0/4) Lair:3          Orc (0/2) D:11
 Vaults (0/5) D:14         Depths (0/5) D:15          IceCv (1/1)
Gauntlet (visited)

Altars:
Dithmenos
Gozag
Hepliaklqana
Kikubaaqudgha
Qazlal
Trog
Uskayaw
Vehumet
The Shining One
Beogh

Shops:
D:5 !(=((   D:14 [

Annotations:
D:12 2 transporters IceCv 1 transporter, exclusion: 2 ice statues


Innate Abilities, Weirdness & Mutations

You reflexively headbutt those who attack you in melee.
You have a pair of horns on your head.


Message History

The flash freeze hits the ice statue!
The ice statue partially resists.
The ice statue is flash-frozen.
The ice statue gestures at you. The freezing blast engulfs you.
The white ugly thing is engulfed in freezing vapours.
The white ugly thing misses you. You furiously retaliate!
You headbutt the white ugly thing. The ice statue gestures at you.
The freezing blast engulfs you!
You closely miss the white ugly thing. You headbutt the white ugly thing!
The white ugly thing is moderately wounded.
You are engulfed in freezing vapours.
Your rime drake bites the ice statue.
The white ugly thing is engulfed in freezing vapours.
The white ugly thing gores you. The white ugly thing freezes you!!
* * * LOW HITPOINT WARNING * * *
Your rime drake bites the ice statue but does no damage.
You completely miss the white ugly thing.
The white ugly thing is heavily wounded.
You are engulfed in freezing vapours.
You die...

###########
##...(©)...##
#...8.).8...#
##....(.$....##
#......$......#
#....8.°☼8....#
#....○☼u☼k....#
#....Y@☼ZZ..#
#....°......#
#....○○○....#
##...○°°...##
##..°∩...##
##.....##
#######


You could see 2 ice statues, a white ugly thing, a friendly rime drake
(summoned, catching breath), a friendly ice beast (summoned), a friendly yak
simulacrum (summoned) and a friendly rime drake simulacrum (summoned).

Vanquished Creatures
  Rupert (D:13)
  2 caustic shrike zombies (D:15)
  A minotaur (Gauntlet)
  A death ooze (Gauntlet)
  2 hydras
  3 boulder beetles
  2 centaur warriors
  4 two-headed ogres
  2 tengu warriors (D:14)
  Urug (D:10)
  2 unseen horrors
  3 bog bodies (Lair:2)
  Pikel (D:5)
  A phantasmal warrior (D:15)
  An orc knight (D:11)
  3 deep elf magi (D:15)
  2 cyclopes
  14 ugly things
  A necromancer (D:15)
  A wolf spider (Lair:1)
  A manticore (D:14)
  Maurice (D:8)
  A centaur zombie (D:13)
  3 black mambas
  Maggie (D:8)
  4 cane toads
  8 centaur skeletons
  2 gargoyles
  A kobold demonologist (D:8)
  A torpor snail (Gauntlet)
  2 efreet
  2 komodo dragons (Lair:2)
  2 rime drakes (Lair:3)
  A yaktaur (D:14)
  2 guardian mummies (D:15)
  A jumping spider (Lair:1)
  4 trolls
  A polar bear (Lair:2)
  6 blink frogs
  3 slime creatures (D:13)
  A meliai zombie (D:14)
  A fire dragon zombie (D:15)
  Sigmund (D:5)
  6 flying skulls (Gauntlet)
  37 yaks
  A vampire (D:12)
  2 redbacks (Lair:1)
  A shadow (D:15)
  A spriggan skeleton (D:15)
  A wraith (D:11)
  5 basilisks
  6 wyverns
  3 vampire mosquitoes
  Menkaure (D:5)
  Edmund (D:5)
  A swamp worm (Lair:2)
  10 water moccasins
  11 orc warriors
  5 black bears
  9 ice beasts
  5 sky beasts
  4 phantoms
  3 eyes of draining
  3 ogres
  8 centaurs
  2 wolves (D:9)
  A big kobold (D:9)
  A gnoll sergeant (D:7)
  14 bullfrogs
  A water moccasin zombie (D:9)
  2 wyvern zombies
  A wyvern skeleton (D:11)
  5 scorpions
  22 killer bees
  8 wights
  An electric eel (Lair:2)
  12 howler monkeys
  2 bullfrog zombies
  A lava snake (Lair:1)
  3 quasits
  2 jellies
  5 orc priests
  6 hounds
  A bullfrog skeleton (D:9)
  5 iguanas
  5 orc wizards
  5 worker ants
  2 hound skeletons
  A worker ant zombie (D:8)
  18 adders
  5 gnolls
  3 river rats (D:15)
  2 shadow imps
  2 white imps
  6 ufetubi
  3 oozes
  3 adder skeletons
  An adder zombie (D:5)
  2 worms
  3 dart slugs
  8 leopard geckos
  45 orcs
  5 giant cockroaches
  10 goblins
  8 hobgoblins
  13 jackals
  3 quokkas
  A ball python (D:5)
  9 bats
  5 frilled lizards
  25 kobolds
  A leopard gecko zombie (D:5)
  11 rats
522 creatures vanquished.

Vanquished Creatures (collateral kills)
  An ugly thing (D:14)
  A troll (D:14)
  A wraith (D:11)
  5 centaurs (D:14)
  2 wights (D:11)
  A jelly (D:10)
11 creatures vanquished.

Vanquished Creatures (others)
  10 fungi
  35 plants
  18 withered plants (D:15)
63 creatures vanquished.

Grand Total: 596 creatures vanquished

Notes
Turn   | Place    | Note
-------+----------+-------------------------------------------
     0 | D:1      | septik the Minotaur Berserker began the quest for the Orb.
     0 | D:1      | Reached XP level 1. HP: 19/19 MP: 0/0
   302 | D:1      | Reached skill level 1 in Maces & Flails
   308 | D:1      | Reached XP level 2. HP: 19/27 MP: 1/1
   569 | D:1      | You fall into a shaft and drop 1 floor!
   663 | D:2      | Reached XP level 3. HP: 30/33 MP: 2/2
  1238 | D:2      | Reached ** piety under Trog
  1298 | D:2      | Reached XP level 4. HP: 34/40 MP: 3/3
  2593 | D:3      | Reached XP level 5. HP: 42/47 MP: 4/4
  2983 | D:3      | Reached *** piety under Trog
  3613 | D:4      | Found an opulent altar of Gozag.
  3698 | D:4      | Found a hide-covered altar of Uskayaw.
  3970 | D:5      | Entered Level 5 of the Dungeon
  3970 | D:5      | Found Asohibi's Jewellery Shoppe.
  3991 | D:5      | Noticed Edmund
  3997 | D:5      | Killed Edmund
  3998 | D:5      | Reached skill level 5 in Fighting
  3998 | D:5      | Reached XP level 6. HP: 56/56 MP: 5/5
  3998 | D:5      | Noticed Sigmund
  4000 | D:5      | Noticed an ice beast
  4010 | D:5      | Killed Sigmund
  4011 | D:5      | Reached skill level 5 in Maces & Flails
  4011 | D:5      | Reached XP level 7. HP: 56/61 MP: 6/6
  4095 | D:5      | Found a glowing golden altar of the Shining One.
  4111 | D:5      | Found Vifuggesyt's Weapon Shop.
  4125 | D:5      | Found a radiant altar of Vehumet.
  4134 | D:5      | Found Kecoipam's Weapon Shop.
  4150 | D:5      | Noticed Pikel
  4179 | D:5      | Killed Pikel
  4180 | D:5      | Reached skill level 5 in Armour
  4180 | D:5      | Reached skill level 5 in Dodging
  4180 | D:5      | Reached XP level 8. HP: 48/70 MP: 7/7
  4375 | D:5      | Found Riakiatz's Antique Weapon Boutique.
  4455 | D:5      | Found Hauczeho's Distillery.
  4459 | D:5      | Noticed Menkaure
  4989 | D:5      | Found a hazy altar of Hepliaklqana.
  5005 | D:5      | Found a staircase to the Ecumenical Temple.
  5036 | D:5      | Killed Menkaure
  5159 | D:5      | Reached **** piety under Trog
  5868 | D:6      | Reached XP level 9. HP: 64/79 MP: 8/8
  7031 | D:7      | You fall into a shaft and drop 2 floors!
  7031 | D:9      | Found a stormy altar of Qazlal.
  7119 | D:9      | Reached skill level 5 in Axes
  7166 | D:9      | Reached ***** piety under Trog
  7196 | D:9      | Noticed a two-headed ogre
  7561 | D:9      | Noticed a two-headed ogre
  7580 | D:9      | Killed a two-headed ogre
  7581 | D:9      | Reached XP level 10. HP: 91/91 MP: 9/9
  8764 | D:8      | Noticed a rust devil
  9064 | D:8      | Received a gift from Trog
  9070 | D:8      | Got a bloodstained executioner's axe {god gift}
  9071 | D:8      | Identified the +4 executioner's axe "Lenobof" {vorpal, rN+
                  | Dex+5} (Trog gifted it to you on level 8 of the Dungeon)
  9296 | D:8      | Reached skill level 10 in Fighting
  9375 | D:8      | Found an ancient bone altar of Kikubaaqudgha.
  9382 | D:8      | Noticed Maurice
  9386 | D:8      | Noticed Maggie
  9397 | D:8      | Killed Maggie
  9419 | D:8      | Killed Maurice
  9854 | D:8      | Got a polished dagger
  9855 | D:8      | Identified the +7 dagger of Hasu {vamp, rPois rF- Int+2}
                  | (You found it on level 8 of the Dungeon)
  9979 | D:8      | Found a stormy altar of Qazlal.
 10116 | D:8      | Found a shadowy altar of Dithmenos.
 10121 | D:8      | Reached skill level 10 in Armour
 10169 | D:9      | Found a bloodstained altar of Trog.
 10270 | D:9      | Reached XP level 11. HP: 91/101 MP: 10/10
 10333 | D:9      | Killed a two-headed ogre
 10483 | D:9      | Found a staircase to the Lair.
 10770 | D:10     | Entered Level 10 of the Dungeon
 11012 | D:10     | Noticed a green ugly thing
 11013 | D:10     | Noticed a two-headed ogre
 11030 | D:10     | Killed a green ugly thing
 11031 | D:10     | Reached skill level 1 in Stealth
 11037 | D:10     | Killed a two-headed ogre
 11350 | D:10     | Noticed Urug
 11363 | D:10     | Killed Urug
 11814 | D:11     | Reached skill level 10 in Dodging
 11914 | D:11     | Found a gate leading to a gauntlet.
 11934 | Gauntlet | Entered a Gauntlet
 11934 | Gauntlet | Found a transporter.
 11934 | Gauntlet | Found a transporter.
 11936 | Gauntlet | Found a transporter.
 11936 | Gauntlet | Found a transporter.
 11957 | Gauntlet | Found a transporter.
 11965 | Gauntlet | Found a transporter.
 11969 | Gauntlet | Found a transporter.
 11973 | Gauntlet | Noticed a death drake
 11980 | Gauntlet | Found a transporter.
 11994 | Gauntlet | Found a transporter.
 11997 | Gauntlet | Found the +1 cloak of Starlight {*Dazzle EV+4 Stlth--}
 12009 | Gauntlet | Found a transporter.
 12013 | Gauntlet | Found a transporter.
 12018 | Gauntlet | Noticed a death ooze
 12022 | Gauntlet | Found a transporter.
 12118 | Gauntlet | Killed a death ooze
 12240 | Gauntlet | Reached XP level 12. HP: 110/110 MP: 11/11
 12244 | Gauntlet | Reached skill level 10 in Axes
 12351 | Gauntlet | Noticed a minotaur
 12360 | Gauntlet | Killed a minotaur
 12369 | Gauntlet | Identified the Almanac of the Destructive Traveller
 12378 | Gauntlet | Got a sparkling platinum ring
 12379 | Gauntlet | Identified the ring "Xeraub Dobe" {+Fly Int+5} (You found
                  | it in a Gauntlet)
 12799 | D:11     | Found a glowing golden altar of the Shining One.
 12925 | D:11     | Received a gift from Trog
 12950 | D:11     | Got an ancient battleaxe {god gift}
 12953 | D:11     | Identified the +9 battleaxe "Duracw" {vorpal, rF+ Int+6}
                  | (Trog gifted it to you on level 11 of the Dungeon)
 13359 | D:11     | Identified a scroll of acquirement
 13597 | D:11     | Found a roughly hewn altar of Beogh.
 13599 | D:11     | Found a staircase to the Orcish Mines.
 13710 | D:12     | Found a transporter.
 13714 | D:12     | Found a corrupted altar of Lugonu.
 13985 | D:12     | You fall into a shaft and drop 2 floors!
 13986 | D:14     | Noticed a centaur warrior
 14215 | D:13     | Noticed Rupert
 14220 | D:13     | You fall into a shaft and drop 2 floors!
 14220 | D:15     | Entered Level 15 of the Dungeon
 14233 | D:15     | Noticed a boulder beetle
 14406 | D:14     | Reached skill level 5 in Stealth
 14427 | D:14     | HP: 4/113 [troll (12)]
 14865 | D:14     | Killed a centaur warrior
 15132 | D:14     | Noticed a boulder beetle
 15154 | D:14     | Killed a boulder beetle
 15860 | D:12     | Found a transporter.
 15979 | D:12     | Reached XP level 13. HP: 118/119 MP: 12/12
 16547 | D:13     | Killed Rupert
 16901 | D:14     | Found Oggeskott's Armour Shoppe.
 16905 | D:14     | Bought a +0 pair of boots of rampaging for 172 gold pieces
 17035 | D:14     | Found a gate to the Vaults.
 18261 | D:15     | Found a staircase to the Depths.
 18767 | D:15     | Reached XP level 14. HP: 124/130 MP: 13/13
 19254 | Lair:1   | Entered Level 1 of the Lair of Beasts
 19974 | Lair:1   | Found a runed translucent door.
 20020 | Lair:1   | Got a warped hat
 20026 | Lair:1   | Identified the +2 hat of Insurance {-Cast Int+2 Dex+4} (You
                  | found it on level 1 of the Lair of Beasts)
 20032 | Lair:1   | Got a jewelled whip
 20033 | Lair:1   | Identified the +10 whip of Domination {freeze, Will+} (You
                  | found it on level 1 of the Lair of Beasts)
 20146 | Lair:2   | Received a gift from Trog
 20147 | Lair:2   | Found a staircase to the Swamp.
 20438 | Lair:2   | Acquired the +4 executioner's axe of Guile {vamp, +Rage
                  | Dex+3}
 21094 | Lair:3   | Found a frozen archway.
 21111 | IceCv    | Entered an ice cave
 21124 | IceCv    | Found a transporter.
 21163 | IceCv    | Found a transporter.
 21166 | IceCv    | Engulfed by an ice statue's freezing vapour

Illustrated notes

Levels and vault maps discovered:
D:1:      ebering_hopf_link, layout_loops_ring, minmay_misc_feat_diagonals
D:2:      kb_forest_paths, layout_basic
D:3:      minmay_bubble_buster, layout_basic, hex_tiny
D:4:      layout_rooms, grunt_gozag_breadcrumbs, eat_drink_and_be_merry_uskayaw
D:5:      layout_loops_ring, nzn_hepliaklqana_mist_gate, kennysheep_mini,
          overflow_temple_1_default, minmay_temple_entry_statues_pillars,
          serial_shops, shop, shop, shop, nicolae_shop_statue_plus,
          kennysheep_mini_moat, grunt_ministairs_9, serial_park_tiny_pond,
          uniq_sigmund, uniq_edmund, uniq_menkaure, uniq_pikel
D:6:      minmay_angry_zag, layout_cave_pools
D:7:      layout_cave_pods
D:8:      minmay_blocky_corners, layout_basic, marbit_many_paths,
          old_standard_altar, grunt_dithmenos_shadows, uniq_maggie, uniq_maurice
D:9:      layout_basic, nicolae_overflow_crystal_walls, minmay_lair_entry_grove,
          basic_altar, minmay_misc_feat_enclosed
D:10:     layout_gridville, uniq_urug
D:11:     layout_basic, david_orc_5, gauntlet_entry_generic, tso_metal_star
D:12:     gammafunk_corrupted_shrine, layout_basic
D:13:     layout_loops_ring, drop_trap, minmay_holes, uniq_rupert
D:14:     layout_loops_cross, serial_shops, shop
D:15:     gammafunk_depths_entry_grave, layout_cave_pools, serial_bayou_pond_d,
          pond
Lair:1:   gammafunk_indiana_jones, layout_loops_ring
Lair:2:   layout_cave_pods, nicolae_swamp_entry_splash_gauntlet
Lair:3:   layout_cave_shapes, minmay_snake_entry_guardpost_small,
          portal_ice_cave_rime, serial_bayou_ford_a, kennysheep_snail_temple,
          grunt_megastairs_2, lemuel_fruit_tree
IceCv:    ice_cave_statue_garden_transporter

Skill      XL: |  1  2  3  4  5  6  7  8  9 10 11 12 13 14 |
---------------+-------------------------------------------+-----
Maces & Flails | 1 2 3 4 5 7 8 |  8.8
Fighting       | 4 5 6 7 9 10 11 12 13 14 | 14.2
Armour         | 3 4 5 6 8 10 11 12 13 14 | 14.1
Dodging        | 3 4 5 6 7 9 10 11 12 13 | 13.0
Axes           | 6 8 9 11 12 13 | 13.1
Stealth        | 3 5 7 8 |  8.1

Action                   |  1- 3 |  4- 6 |  7- 9 | 10-12 | 13-15 || total
-------------------------+-------+-------+-------+-------+-------++-------
Melee: Hand axe          |    71 |   143 |   326 |    68 |       ||   608
       Headbutt          |     5 |    32 |    69 |   104 |    96 ||   306
       Battleaxe         |       |       |       |    49 |       ||    49
       Executioner's axe |       |       |       |   356 |   320 ||   676
       Dagger            |       |       |       |       |     7 ||     7
Invok: Berserk           |     3 |     1 |     6 |    17 |    11 ||    38
       Brothers in Arms  |       |       |       |    10 |       ||    10
  Use: Potion            |     1 |       |     4 |     5 |       ||    10
       Scroll            |       |       |     4 |    18 |    17 ||    39
 Stab: Sleeping          |       |       |       |    10 |    21 ||    31
       Distracted        |       |       |       |     3 |     2 ||     5
Armor: Animal skin       |     8 |     7 |       |       |       ||    15
       Scale mail        |       |    18 |   120 |    46 |       ||   184
       Ring mail         |       |     3 |       |       |       ||     3
       Shadow dragon sca |       |       |       |   271 |   184 ||   455
       Steam dragon scal |       |       |       |     2 |       ||     2
Dodge: Dodged            |    58 |    92 |   215 |   427 |   274 ||  1066
Block: Other             |       |       |       |    96 |    77 ||   173
       Reflection        |       |       |       |     5 |     1 ||     6
